 Dungeon Crawl Stone Soup version 0.24-a0-462-ge24419a6ad (console) character file.

Game seed: 17406807149221337416

11 Lexodia the Sneak (level 2, 11/19 HPs)
             Began as a Demonspawn Enchanter on July 1, 2019.
             Quit the game on level 2 of the Dungeon.
             The game lasted 00:00:42 (329 turns).

Lexodia the Sneak (Demonspawn Enchanter)             Turns: 329, Time: 00:00:42

Health: 11/19      AC:  2    Str:  8    XL:     2   Next: 17%
Magic:  3/5        EV: 12    Int: 16    God:
Gold:   0          SH:  0    Dex: 13    Spells: 4/5 levels left

rFire    . . .     SeeInvis .   a - +1 dagger
rCold    . . .     Gourm    .   (no shield)
rNeg     . . .     Faith    .   b - +0 robe
rPois    .         Spirit   .   (no helmet)
rElec    .         Reflect  .   (no cloak)
rCorr    .         Harm     .   (no gloves)
MR       .....                  (no boots)
Stlth    ++........             (no amulet)
HPRegen  0.06/turn              (no ring)
MPRegen  0.09/turn              (no ring)

@: no status effects
A: demonic guardian 1
a: no special abilities


You were on level 2 of the Dungeon.
You were not hungry.

You visited 1 branch of the dungeon, and saw 2 of its levels.

Inventory:

Hand Weapons
 a - a +1 dagger (weapon)
Armour
 b - a +0 robe (worn)
Potions
 c - 2 potions of ambrosia {unknown}
Comestibles
 d - a ration


   Skills:
 + Level 1.4 Short Blades
 - Level 1.7 Dodging
 * Level 3.1 Stealth
 - Level 2.0 Spellcasting
 - Level 3.0 Hexes


You had 4 spell levels left.
You knew the following spells:

 Your Spells              Type           Power        Failure   Level  Hunger
a - Corona                Hex            ##.....      6%          1    #......

Your spell library contained the following spells:

 Spells                   Type           Power        Failure   Level  Hunger
 Ensorcelled Hibernation  Hex/Ice        #.....       17%         2    ###....
 Confuse                  Hex            ##......     19%         3    ###....
 Tukima's Dance           Hex            ##......     19%         3    ###....
 Dazzling Spray           Conj/Hex       #.....       32%         3    ###....


Dungeon Overview and Level Annotations

Branches:
Dungeon (2/15)

Altars:


Innate Abilities, Weirdness & Mutations

A weak demonic guardian rushes to your aid.


Message History

You closely miss the adder.
The adder is heavily wounded.
The adder bites you but does no damage.
You hit the adder.
The adder is severely wounded.
The adder bites you but does no damage. The adder barely misses you.
You closely miss the adder.
The adder is severely wounded.
The adder closely misses you.
You hit the adder.
The adder is almost dead.
The adder bites you but does no damage.
You hit the adder.
You kill the adder!
Your Stealth skill increases to level 3!
You have reached level 2!
Your demonic ancestry asserts itself...
You feel the presence of a demonic guardian.
Okay, then.
Are you sure you want to abandon this character and quit the game? (Confirm with "yes".)

#.# #.# #.#
#.## ...# ##..#
# ###...#
#.#...@.#
#.#.#...#
#.......#
#########.#####
..........#
.#######..# .##
#..#
.....###..#
#>..<..#


There were no monsters in sight!

Vanquished Creatures
  An adder (D:2)
  A goblin (D:1)
  A hobgoblin (D:1)
3 creatures vanquished.

Notes
Turn   | Place    | Note
-------+----------+-------------------------------------------
     0 | D:1      | Lexodia the Demonspawn Enchanter began the quest for the
                  | Orb.
     0 | D:1      | Reached XP level 1. HP: 13/13 MP: 3/3
     9 | D:1      | Huge Dmg: 3 dmg
    63 | D:1      | Huge Dmg: 3 dmg
    67 | D:1      | Huge Dmg: 5 dmg
    67 | D:1      | Reached skill level 1 in Short Blades
   323 | D:2      | Huge Dmg: 4 dmg
   324 | D:2      | Huge Dmg: 2 dmg
   328 | D:2      | Gained mutation: A weak demonic guardian rushes to your
                  | aid. [demonic ancestry]
   328 | D:2      | Reached XP level 2. HP: 11/19 MP: 3/5
   329 | D:2      | Quit the game

Levels and vault maps discovered:
D:1:      noname_arrival_rooms_in_the_neighbourhood, layout_basic
D:2:      layout_loops_corners

Skill      XL: |  1 |
---------------+----+-----
Short Blades   | 1 |  1.4
Stealth        | 3 |  3.1
Dodging        | |  1.7
Spellcasting   | |  2.0
Hexes          | |  3.0

Action                   || total
-------------------------++-------
Melee: Dagger            ||    16
 Cast: Corona            ||     4
Armor: Robe              ||     5
Dodge: Dodged            ||     8

Table legend:
 A = Non-vault XP
 B = Vault XP
 C = Vault XP percentage of total XP
 D = Non-vault monster count
 E = Vault monster count
 F = Vault count percentage of total count
                 A         B        C        D         E       F
            +---------+---------+-------+---------+---------+-------
      Total |      17 |       0 |   0.0 |       3 |       0 |   0.0
            +---------+---------+-------+---------+---------+-------
        D:1 |       4 |       0 |   0.0 |       2 |       0 |   0.0
        D:2 |      13 |       0 |   0.0 |       1 |       0 |   0.0
            +---------+---------+-------+---------+---------+-------
